 Seeded DCSS version 0.31-a0-949-g57150269e1 (webtiles) character file.

Game seed: 20231021 (custom seed)

847 greenreed the Trooper (level 7, -1/66 HPs)
             Began as a Minotaur Fighter on Oct 21, 2023.
             Succumbed to a gnoll sergeant's poison
             ... on level 5 of the Dungeon.
             The game lasted 00:05:32 (3173 turns).

greenreed the Trooper (Minotaur Fighter)            Turns: 3173, Time: 00:05:33

Health: -1/66      AC: 12    Str: 22    XL:     7   Next: 68%
Magic:  6/6        EV:  6    Int:  5    God:
Gold:   216        SH:  5    Dex: 10    Spells: 6/6 levels left

rFire   . . .        a - +0 flail
rCold   . . .        c - +0 buckler
rNeg    . . .        l - +0 plate armour
rPois   .            (helmet restricted)
rElec   .            (no cloak)
rCorr   .            (no gloves)
SInv    .            (no boots)
Will    +....        (no amulet) Stlth
                     j - ring of willpower
HPRegen 0.31/turn    (no ring)
MPRegen 0.10/turn

%: no passive effects
@: lethally poisoned (-1 -> -7), attractive
A: horns 2, retaliatory headbutt
a: no special abilities


You were on level 5 of the Dungeon.
You visited 1 branch of the dungeon, and saw 5 of its levels.

You collected 216 gold pieces.

Inventory:

Hand Weapons
 a - a +0 flail (weapon)
Missiles
 w - 4 curare-tipped darts
Armour
 c - a +0 buckler (worn)
 l - a +0 plate armour (worn)
Jewellery
 j - a ring of willpower (left hand)
 x - an amulet of guardian spirit
Wands
 r - a wand of mindburst (14)
 u - a wand of roots (7)
 z - a wand of flame (25)
Scrolls
 b - a scroll of identify {unknown}
 e - a scroll of enchant armour {unknown}
 f - 8 scrolls of teleportation {unknown}
 g - a scroll of vulnerability {unknown}
 i - 2 scrolls of blinking {unknown}
 k - a scroll of noise {unknown}
 n - 4 scrolls of enchant weapon {unknown}
 o - a scroll of acquirement {unknown}
 t - a scroll of torment {unknown}
 v - a scroll of fear {unknown}
 y - a scroll of poison {unknown}
Potions
 d - a potion of might
 h - 2 potions of curing {unknown}
 m - a potion of brilliance {unknown}
 p - a potion of attraction
 q - a potion of resistance {unknown}
 s - 2 potions of lignification {unknown}


   Skills:
 * Level 7.1 Fighting
 * Level 6.5 Maces & Flails
 + Level 5.4 Armour
 + Level 5.5 Shields


You had 6 spell levels left.
You didn't know any spells.
Your spell library was empty.

Dungeon Overview and Level Annotations

Branches:
Dungeon (5/15)
 Temple: D:4-7

Altars:
Hepliaklqana
Kikubaaqudgha
Vehumet
Xom

Shops:
D:1 *


Innate Abilities, Weirdness & Mutations

You have a pair of horns on your head.
You reflexively headbutt those who attack you in melee.


Message History

The adder bites you but does no damage. The adder attacks as it pursues you!
The adder bites you but does no damage. The adder barely misses you.
You furiously retaliate!
You headbutt the adder, but do no damage.
The adder attacks as it pursues you! The adder barely misses you.
You furiously retaliate!
You headbutt the adder!
You kill the adder!
Found a scroll labelled YHAPUOTEMP.
f - 8 scrolls labelled YHAPUOTEMP (gained 1)
The gnoll sergeant hits you but does no damage.
You are poisoned.
Found a stone staircase leading down.
You feel sick.
The gnoll sergeant hits you but does no damage.
You are more poisoned.
You feel very sick.
You feel very sick.
You feel sick.
The gnoll sergeant attacks as it pursues you!
The gnoll sergeant hits you from afar with a +1 spear of venom.
You are more poisoned.
You feel very sick.
You feel sick. The gnoll attacks as it pursues you!
The gnoll hits you from afar with a +0 spear.
You feel very sick.
You feel sick.
The gnoll sergeant attacks as it pursues you!
The gnoll sergeant hits you from afar with a +1 spear of venom!
* * * LOW HITPOINT WARNING * * *
You are lethally poisoned!
* * * LOW HITPOINT WARNING * * *
You feel very sick.
* * * LOW HITPOINT WARNING * * *
You feel very sick.
* * * LOW HITPOINT WARNING * * *
You feel sick.
* * * LOW HITPOINT WARNING * * *
You feel sick.
It was a potion of attraction.
You feel attractive to monsters.
You die...

##.....# ~# #..# ##...###..
.#....## ~# ##.###........#
(..##..~~#~#
#####..........### ..##
####~# #.............## .##
#######...............# .##
##...#..#####..##...###.###
..####...# #..# #..###..##
..#. #.#.....# #.####.##
#>## #... #......#
#...@...###.# ##.. ...gg.##
##.g.##...##.# #.. ..##..##
#.g#####.....# #..
.####.g#####.## ##....# ...
## ##..##..g.## ##...###..
... # ##....#..g###
##........ #.. #
##.#####.g.###...##..## ##
#..# ##.g......# .# #..#
##......## .


You could see a gnoll sergeant and a gnoll.

Vanquished Creatures
  Prince Ribbit (D:5)
  An ice beast (D:5)
  An ogre (D:5)
  A bullfrog (D:3)
  A scorpion (D:4)
  A jelly (D:4)
  A hound (D:5)
  An orc priest (D:3)
  2 iguanas (D:5)
  3 orc wizards
  8 adders
  A worm (D:4)
  A dart slug (D:2)
  8 orcs
  4 ball pythons
  2 endoplasms
  A giant cockroach (D:2)
  12 goblins
  6 hobgoblins
  2 jackals (D:3)
  7 kobolds
  4 quokkas
  4 bats
  3 frilled lizards
  A rat (D:3)
  A spectral goblin (D:4)
78 creatures vanquished.

Notes
Turn   | Place    | Note
-------+----------+-------------------------------------------
     0 | D:1      | greenreed the Minotaur Fighter began the quest for the Orb.
     0 | D:1      | Reached XP level 1. HP: 19/19 MP: 0/0
   142 | D:1      | Found Zynuituf's General Store.
   304 | D:1      | Reached XP level 2. HP: 27/27 MP: 1/1
   485 | D:1      | Reached skill level 4 in Fighting
   862 | D:2      | Reached XP level 3. HP: 30/33 MP: 2/2
  1388 | D:3      | Found a faded altar of an unknown god.
  1468 | D:3      | Noticed a bullfrog
  1475 | D:3      | Killed a bullfrog
  1476 | D:3      | Reached XP level 4. HP: 18/41 MP: 3/3
  1692 | D:3      | Reached skill level 5 in Fighting
  1692 | D:3      | Reached XP level 5. HP: 48/48 MP: 4/4
  2423 | D:4      | Reached XP level 6. HP: 47/57 MP: 5/5
  2484 | D:4      | Reached skill level 5 in Maces & Flails
  2810 | D:4      | Found a hazy altar of Hepliaklqana.
  2830 | D:5      | Entered Level 5 of the Dungeon
  2854 | D:5      | Noticed an ice beast
  2867 | D:5      | Reached skill level 6 in Fighting
  2867 | D:5      | Reached skill level 5 in Shields
  2871 | D:5      | Killed an ice beast
  2872 | D:5      | Reached skill level 5 in Armour
  2872 | D:5      | Reached XP level 7. HP: 48/64 MP: 6/6
  3042 | D:5      | Noticed Prince Ribbit
  3071 | D:5      | Killed Prince Ribbit
  3072 | D:5      | Reached skill level 7 in Fighting
  3073 | D:5      | Found a radiant altar of Vehumet.
  3103 | D:5      | Found a shimmering altar of Xom.
  3104 | D:5      | Found an ancient bone altar of Kikubaaqudgha.
  3171 | D:5      | HP: 3/66 [poisoned by a gnoll sergeant]
  3172 | D:5      | HP: 1/66 [poisoned by a gnoll sergeant]
  3173 | D:5      | Succumbed to a gnoll sergeant's poison

Illustrated notes

Levels and vault maps discovered:
D:1:      minmay_arrival_four_loops, layout_basic, serial_shops, shop
D:2:      layout_rooms, serial_aquarium, aquarium_bridge_straight
          [aquarium_subvault_bridge, aquarium_subvault_wall,
          aquarium_subvault_bridge, aquarium_subvault_window],
          aquarium_window_1, aquarium_window_corner, aquarium_window_corner,
          aquarium_view_2e, aquarium_view_2d, aquarium_balcony_3b
D:3:      layout_rooms, hellmonk_ecumenical_altar_pennies_from_heaven
D:4:      layout_loops_ring, nicolae_hepliaklqana_monster_ancestors
D:5:      layout_layer_cave, nicolae_tso_swordbearing_angel,
          vehumet_altar_wand_db, gammafunk_temple_overflow_statue,
          mainiacjoe_sewer_entry_somewhere_in_here_1, uniq_ijyb,
          uniq_prince_ribbit1

Skill      XL: |  1  2  3  4  5  6  7 |
---------------+----------------------+-----
Fighting       | 4 5 6 7 |  7.1
Maces & Flails | 3 4 5 6 |  6.5
Shields        | 4 5 |  5.5
Armour         | 4 5 |  5.4

Action                     |  1- 3 |  4- 6 |  7- 9 || total
---------------------------+-------+-------+-------++-------
  Melee: Flail             |    90 |    79 |    42 ||   211
         Headbutt          |    11 |    13 |     8 ||    32
    Use: Potion            |       |       |     1 ||     1
 Armour: Scale mail        |    58 |       |       ||    58
         Plate armour      |    24 |    52 |    71 ||   147
  Dodge: Dodged            |    28 |    33 |    18 ||    79
  Block: Buckler           |    26 |    18 |    20 ||    64

Table legend: (Time is in decaauts)
 A = Elapsed time spent in this place.
 B = Non-inter-level travel time spent in this place.
 C = Inter-level travel time spent in this place.
 D = Time resting spent in this place.
 E = Time spent auto-exploring this place.
 F = Levels seen in this place.
 G = Mean time per level.
                   A        B        C        D        E       F      G
               +--------+--------+--------+--------+--------+-----+--------+
         Total |   3219 |   2982 |    237 |    139 |   2166 |   5 |  643.8 |
       Dungeon |   3219 |   2982 |    237 |    139 |   2166 |   5 |  643.8 |
               +--------+--------+--------+--------+--------+-----+--------+

Top non-repeatable levels by time:
     D:1: 859 daAuts
     D:4: 756 daAuts
     D:2: 683 daAuts
     D:3: 569 daAuts
     D:5: 350 daAuts
